 Dungeon Crawl Stone Soup version 0.27-a0-1140-g099f9bb0e8 (webtiles) character file.

Game seed: 13468984247882598315

12 freelancePsychic the Sneak (level 2, -1/19 HPs)
             Began as a Kobold Delver on May 10, 2021.
             Slain by a gnoll
             ... wielding a +0 flail
              (11 damage)
             ... on level 4 of the Dungeon.
             The game lasted 00:00:33 (44 turns).

freelancePsychic the Sneak (Kobold Delver)            Turns: 44, Time: 00:00:33

Health: -1/19      AC:  3    Str:  9    XL:     2   Next: 45%
Magic:  2/2        EV: 14    Int: 11    God:
Gold:   0          SH:  0    Dex: 16    Spells: 1/1 levels left

rFire    . . .     SeeInvis .   a - +0 short sword
rCold    . . .     Faith    .   (shield restricted)
rNeg     . . .     Spirit   .   b - +0 leather armour
rPois    .         Reflect  .   (no helmet)
rElec    .         Harm     .   (no cloak)
rCorr    .         Rampage  .   (no gloves)
Will     .....                  (no boots)
Stlth    ++++......             (no amulet)
HPRegen  0.06/turn              (no ring)
MPRegen  0.08/turn              (no ring)

@: hasted, very quick
A: small, no large weapons, nightstalker 3
a: no special abilities


You were on level 4 of the Dungeon.
You visited 1 branch of the dungeon, and saw 2 of its levels.

Inventory:

Hand Weapons
 a - a +0 short sword (weapon)
Armour
 b - a +0 leather armour (worn)
Wands
 g - a wand of digging (3)
Scrolls
 c - a scroll of fog
 e - a scroll of fear
 h - a scroll of identify {unknown}


   Skills:
 - Level 3.3 Fighting
 + Level 3.3 Short Blades
 - Level 2.5 Dodging
 + Level 6.9 Stealth


You had one spell level left.
You didn't know any spells.
Your spell library was empty.

Dungeon Overview and Level Annotations

Branches:
Dungeon (5/15)             Temple (0/1) D:5

Altars:


Innate Abilities, Weirdness & Mutations

You are small and have problems with some larger weapons.
You are completely attuned to the shadows.


Message History

You impale the jackal!!
You kill the jackal!
You see here a jackal corpse.
The helpless jackal fails to defend itself.
You impale the jackal!!
You kill the jackal!
Found a stone staircase leading up.
There is a stone staircase leading up here.
You climb upwards.
A gnoll comes into view. It is wielding a +0 club.
There is a stone staircase leading down here.
A gnoll comes into view. It is wielding a +0 flail.
A gnoll comes into view. It is wielding a +0 club.
Found a scroll labelled EVIKHYWERA.
The helpless gnoll fails to defend itself.
You impale the gnoll!!
You kill the gnoll!
Your Short Blades skill increases to level 3!
You have reached level 2!
There is a stone staircase leading down here.
A hound comes into view.
The hound barks!
The hound completely misses you.
You hit the hound.
The hound is lightly wounded.
You feel yourself speed up. The hound closely misses you. The hound bites you.
You hit the hound.
The hound is moderately wounded.
The gnoll closely misses you. The hound misses you.
You closely miss the hound.
The hound is moderately wounded.
The hound completely misses you. The gnoll hits you with a +0 flail.
You hit the hound but do no damage.
The hound is moderately wounded.
The hound misses you.
You hit the hound.
The hound is heavily wounded.
The gnoll hits you with a +0 flail!
Ouch! That really hurt!
You die...

#.##.# +##..#.##
.........
?..).#.# .......#
g......##########
......>....g@h...
.....############
.....# ....


You could see a hound and a gnoll.

Vanquished Creatures
  A gnoll (D:4)
  2 jackals (D:5)
3 creatures vanquished.

Notes
Turn   | Place    | Note
-------+----------+-------------------------------------------
     0 | D:5      | freelancePsychic the Kobold Delver began the quest for the
                  | Orb.
     0 | D:5      | Reached XP level 1. HP: 14/14 MP: 1/1
    31 | D:4      | Reached XP level 2. HP: 19/19 MP: 2/2
    44 | D:4      | Slain by a gnoll

Illustrated notes

Levels and vault maps discovered:
D:4:      layout_basic, nicolae_gozag_seed_capital
D:5:      layout_loops_corners, temple_fountains, dk_noncrumbling_2,
          corexii_item_surrounded_by_moat

Skill      XL: |  1 |
---------------+----+-----
Short Blades   | 3 |  3.3
Fighting       | |  3.3
Dodging        | |  2.5
Stealth        | |  6.9

Action                   || total
-------------------------++-------
Melee: Short sword       ||     8
  Use: Scroll            ||     1
       Potion            ||     1
 Stab: Sleeping          ||     3
Dodge: Dodged            ||     6

Table legend: (Time is in decaauts)
 A = Elapsed time spent in this place.
 B = Non-inter-level travel time spent in this place.
 C = Inter-level travel time spent in this place.
 D = Time resting spent in this place.
 E = Time spent auto-exploring this place.
 F = Levels seen in this place.
 G = Mean time per level.
                   A        B        C        D        E       F      G
               +--------+--------+--------+--------+--------+-----+--------+
         Total |     42 |     42 |      0 |      0 |      0 |   2 |   21.0 |
       Dungeon |     42 |     42 |      0 |      0 |      0 |   2 |   21.0 |
               +--------+--------+--------+--------+--------+-----+--------+

Top non-repeatable levels by time:
     D:5: 26 daAuts
     D:4: 15 daAuts
